 Dungeon Crawl Stone Soup version 0.28-a0-1493-g08698888e4 (webtiles) character file.

Game seed: 1468208525066163410

39466 murtidash the Eclecticist (level 14, -4/99 HPs)
             Began as a Djinni Ice Elementalist on Jan 12, 2022.
             Was the Champion of Makhleb.
             Slain by a dire elephant (31 damage)
             ... in a Gauntlet on Jan 13, 2022.
             The game lasted 00:58:39 (15874 turns).

murtidash the Eclecticist (DjIE)                   Turns: 15874, Time: 00:58:39

Health: -4/99      AC:  5    Str: 15    XL:     14   Next: 39%
Gold:   1129       EV: 15    Int: 18    God:    Makhleb [******] SH:  0 Dex: 14

rFire   + + +      SeeInvis +   b - +2 scimitar (flame)
rCold   . . .      Faith    +   (no shield)
rNeg    . . .      Spirit   .   l - +0 robe
rPois   ∞          Reflect  .   K - +2 helmet of a bailey {Str+2 Slay+3 SInv}
rElec   .          Harm     .   C - scarf {rC+ rF+}
rCorr   .          Rampage  .   (no gloves)
Will    ++...      NoTele   +   (boots unavailable)
Stlth   ++++......              v - amulet of the Raven {Faith Will+ Regen+ Int-4 Stlth+}
HPRegen 1.06/turn               g - +6 ring of strength
MPRegen 0.00/turn               H - ring of see invisible {sInv, !d}

@: flying
A: sickness immunity, fire resistance 2, cold vulnerability 1, float, innate
caster, hp casting, extra vitality 1
a: Renounce Religion, Minor Destruction, Lesser Servant of Makhleb, Major
Destruction, Greater Servant of Makhleb


You were in a Gauntlet.
You worshipped Makhleb.
Makhleb was exalted by your worship.
You visited 3 branches of the dungeon, and saw 17 of its levels.
You also visited: Gauntlet.

You collected 1129 gold pieces.

Inventory:

Hand Weapons
 a - a +6 dagger
   (You took it off a spriggan on level 1 of the Lair of Beasts)
 b - a +2 scimitar of flaming (weapon)
   (You took it off Erica on level 10 of the Dungeon)
 W - the +12 hunting sling "Saat" {freeze, rPois rF- Dex+9}
   (You found it on level 4 of the Lair of Beasts)

   Any ammunition fired from it freezes those it strikes, dealing additional
   cold damage.
   It can also slow down cold-blooded creatures.
   Dex:       It affects your dexterity (+9).
   rF:        It makes you vulnerable to fire.
   rPois:     It protects you from poison.
Missiles
 X - 106 stones (quivered)
Armour
 f - a +2 hat
   (You found it on level 2 of the Dungeon)
 l - a +0 robe (worn)
 n - the +2 hat of the True Pharaoh {Drain Int+8 Stlth+}
   (You found it in a Gauntlet)

   Int:       It affects your intelligence (+8).
   Drain:     It drains your maximum health when unequipped.
   Stlth:     It makes you more stealthy.
 C - a scarf of resistance (worn)
   (You found it in a Gauntlet)
 K - the +2 helmet of a bailey (worn) {Str+2 Slay+3 SInv}
   (You found it on level 1 of the Lair of Beasts)

   Str:       It affects your strength (+2).
   Slay:      It affects your accuracy & damage with ranged weapons and melee
   (+3).
   SInv:      It lets you see invisible.
Magical Staves
 c - a staff of cold {rC+}
   (You found it on level 4 of the Lair of Beasts)
 y - a staff of earth
   (You found it on level 6 of the Dungeon)
Jewellery
 e - a ring of positive energy {rN+}
   (You found it on level 5 of the Lair of Beasts)
 g - a +6 ring of strength (left hand)
   (You found it on level 1 of the Dungeon)
 v - the amulet of the Raven (around neck) {Faith Will+ Regen+ Int-4 Stlth+}
   (You took it off an orc wizard on level 6 of the Dungeon)

   [amulet of faith]

   It allows you to gain divine favour quickly.
   Int:       It affects your intelligence (-4).
   Regen:     It increases your rate of health regeneration.
   Will:      It increases your willpower.
   Stlth:     It makes you more stealthy.
 w - a ring of fire {rF+, rC-}
   (You took it off an orc on level 6 of the Dungeon)
 D - an amulet of reflection
   (You found it on level 8 of the Dungeon)
 H - a ring of see invisible (right hand) {sInv, !d}
   (You found it on level 10 of the Dungeon)
 Q - a +6 ring of strength
   (You found it on level 2 of the Lair of Beasts)
 U - a ring of willpower
   (You found it on level 4 of the Lair of Beasts)
Wands
 d - a wand of polymorph (7)
   (You found it on level 10 of the Dungeon)
 r - a wand of iceblast (6)
   (You found it on level 5 of the Dungeon)
 B - a wand of digging (10)
   (You found it on level 7 of the Dungeon)
 E - a wand of acid (7)
   (You found it on level 8 of the Dungeon)
 G - a wand of flame (10)
   (You found it on level 9 of the Dungeon)
 P - a wand of paralysis (3)
   (You found it on level 2 of the Lair of Beasts)
Scrolls
 h - a scroll of fear
 i - 6 scrolls of teleportation
 j - 4 scrolls of fog
 p - 2 scrolls of enchant armour
 x - a scroll of holy word {!r}
 z - 2 scrolls of immolation {!r}
 F - a scroll of summoning
 I - 2 scrolls of blinking {unknown}
 N - a scroll of noise {!r}
 O - a scroll of enchant weapon
Potions
 k - 3 potions of ambrosia
 m - 2 potions of invisibility {unknown}
 o - 2 potions of attraction {unknown}
 q - 5 potions of curing
 s - 2 potions of flight {unknown}
 t - a potion of mutation {unknown}
 u - 2 potions of might {unknown}
 A - a potion of brilliance {unknown}
 J - a potion of cancellation {unknown}
 L - a potion of berserk rage {unknown}
 R - a potion of degeneration {unknown}
 S - a potion of magic {unknown}
 Y - 2 potions of heal wounds
Miscellaneous
 T - a condenser vane (inert)
   (You found it on level 3 of the Lair of Beasts)
 V - a box of beasts
   (You found it on level 4 of the Lair of Beasts)


   Skills:
 - Level 8.6 Fighting
 * Level 5.3 Short Blades
 - Level 3.0 Armour
 - Level 8.0 Dodging
 + Level 4.1 Stealth
 * Level 15.3 Spellcasting
 - Level 3.1 Evocations


You had 13 spell levels left.
You knew the following spells:

 Your Spells              Type           Power      Damage    Failure   Level
a - Frozen Ramparts       Ice            100%       1d12      1%          3
c - Petrify               Tmut/Erth      62%        N/A       1%          4
g - Shock                 Conj/Air       100%       1d9       0%          1
A - Ozocubu's Armour      Ice            62%        N/A       1%          3
G - Manifold Assault      Tloc           62%        N/A       1%          5
K - Animate Dead          Necr           31%        N/A       1%          4
M - Ensorcelled Hibernat  Hex/Ice        100%       N/A       0%          2
U - Portal Projectile     Hex/Tloc       100%       N/A       1%          3
X - Hailstorm             Conj/Ice       62%        3d13      1%          4
Z - Freeze                Ice            100%       1d11      0%          1
Your spell library was empty.

Dungeon Overview and Level Annotations

Branches:
Dungeon (11/15)            Temple (1/1) D:7            Lair (5/6) D:11
 Shoals (0/4) Lair:4       Spider (0/4) Lair:4          Orc (0/2) D:10
Gauntlet (1/1)
  Slime: Lair:5-6

Altars:
Ashenzari
Cheibriados
Dithmenos
Elyvilon
Fedhas
Gozag
Hepliaklqana
Kikubaaqudgha
Makhleb
Nemelex Xobeh
Okawaru
Qazlal
Ru
Sif Muna
Trog
Uskayaw
Vehumet
Wu Jian
Xom
Yredelemnul
Zin
The Shining One

Shops:
D:5 =

Annotations:
Lair:2 Fannar Gauntlet 11 transporters, 3 runed translucent doors, exclusion: lightning spire


Innate Abilities, Weirdness & Mutations

You are immune to sickness and miasma.
You are immune to poison.
Your flesh is very heat resistant. (rF++)
You are vulnerable to cold. (rC-)
You float through the air rather than walking.
You learn spells naturally, not from books.
Your magical power is your life essence.
You have superior vitality. (+4 MHP)


Message History

You enter the transporter and appear at another place.
There is a transporter here.
You see here the +2 hat of the True Pharaoh {Drain Int+8 Stlth+}.
n - the +2 hat of the True Pharaoh {Drain Int+8 Stlth+} The walls around you are covered in ice.
The raiju barks!
The wall freezes the elephant.
The elephant tramples you!!
You hold your ground!
The elephant completely misses you.
You take 20 damage, and have 79/99 hp.
MASSIVE DAMAGE!!
A cannonade of hail descends around you!
The hail pelts the dire elephant!!
The hail pelts the elephant!
The wall freezes the elephant.
The elephant tramples you!
You hold your ground!
The elephant trunk-slaps you but does no damage.
You take 10 damage, and have 69/99 hp.
A cannonade of hail descends around you!
The hail pelts the dire elephant but does no damage.
The wall freezes the dire elephant.
You take 3 damage, and have 66/99 hp.
Okay, then.
Unknown command.
Aim: an elephant (lightly wounded, chance to affect: 42%)
Okay, then.
Unknown command.
Unknown command.
Okay, then.
Unknown command.
Unknown command.
Aim: an elephant (lightly wounded, 100% to hit)
The bolt of acid hits the dire elephant!
The bolt of acid hits the elephant!
The acid corrodes the elephant!
The hell hound barks!
The wall freezes the elephant!
Aim: an elephant (heavily wounded, covered in acid, 100% to hit)
The bolt of acid hits the dire elephant!
The acid corrodes the dire elephant!
The bolt of acid hits the elephant!
The wall freezes the dire elephant!
The wall freezes the elephant!
Okay, then.
Unknown command.
Unknown command.
Okay, then.
Unknown command.
Okay, then.
Unknown command.
Okay, then.
You slash the dire elephant! You burn the dire elephant.
The wall freezes the dire elephant.
The dire elephant closely misses you. The dire elephant trunk-slaps you.
The wall freezes the elephant!
You kill the elephant!
Makhleb accepts your kill.
You feel better.
The wall freezes the elephant.
You regained 4 hp, and now have 72/99 hp.
Clouds of noxious fumes condense around you!
The condenser dries out!
The dire elephant is engulfed in noxious fumes.
The wall freezes the dire elephant.
The dire elephant tramples you!!
You are shoved backwards!
The frozen ramparts melt away as you move.
The elephant is engulfed in noxious fumes.
The elephant appears confused.
You take 21 damage, and have 51/99 hp.
MASSIVE DAMAGE!!
The walls around you are covered in ice.
The wall freezes the dire elephant.
The dire elephant tramples you!
You are shoved backwards!
The frozen ramparts melt away as you move.
The elephant is engulfed in noxious fumes.
The elephant appears confused.
You take 19 damage, and have 32/99 hp.
The elephant is engulfed in noxious fumes.
The elephant tramples something.
Something holds its ground!
The elephant trunk-slaps something but does no damage.
You regained 2 hp, and now have 34/99 hp.
The dire elephant tramples you!!
* * * LOW HITPOINT WARNING * * *
You hold your ground!
The dire elephant trunk-slaps you.
* * * LOW HITPOINT WARNING * * *
You take 22 damage, and have 12/99 hp.
MASSIVE DAMAGE!!
You feel much better.
The dire elephant is no longer covered in acid.
The dire elephant tramples you!!
* * * LOW HITPOINT WARNING * * *
You are shoved backwards!
The elephant trumpets!
You regained 7 hp, and now have 20/99 hp.
You feel much better. The dire elephant tramples you!
* * * LOW HITPOINT WARNING * * *
You are shoved backwards!
You regained 9 hp, and now have 29/99 hp.
The walls around you are covered in ice.
The wall freezes the dire elephant.
The dire elephant tramples you.
* * * LOW HITPOINT WARNING * * *
You are shoved backwards!
The frozen ramparts melt away as you move.
You take 8 damage, and have 26/99 hp.
Okay, then.
Unknown command.
Aim: a dire elephant (almost dead, 100% to hit)
The bolt of acid hits the dire elephant!
The acid corrodes the dire elephant!
The bolt of acid hits the elephant!!
The dire elephant tramples you!!
You die...

#+.##.#..#..≈###§..#..#.#.y##.#..
?#.##x#..#..##≈##..#..#?####yy#..
=#x..x#..#.........#..#...y.yy#..
#######..#.......§.#..#########..
......#..###########..#..........
#######..#.........#..#########..
..#...#..#..##.##..#..#.....Z.#.∩
#.#.#.#..#.##...##.#..#.###.###..
#.#.#.#..#Y#....@#.#..#..#...##..
##©##.#©©#©...©..Y.#©©#©.#©#.##©8
#.#.#.#..#.#.....#Y#..#Z...#..#..
#.#.#h#..#!##...##.#..#?#.###.#..
h.#..h#..#..##.##..#..#.......#.∩
#######..#.........#..#########..
......#..###########..#..........
#######..#.........#..#########..
....hE#..#...§§....#..#..#.##.#..


You could see a dire elephant (corroded), an elephant and a wolf spider
simulacrum.

Vanquished Creatures
  3 hydras
  Erolcha (D:10)
  A boulder beetle (Lair:4)
  Erica (D:10)
  10 death yaks (D:11)
  Sonja (D:10)
  An orb spider (Lair:4)
  4 elephants
  6 black mambas
  7 cane toads
  A rime drake (Lair:4)
  3 komodo dragons
  2 trolls
  2 polar bears
  7 slime creatures
  12 blink frogs
  A dream sheep (Lair:1)
  A shadow (D:11)
  A wraith (D:11)
  A spriggan (Lair:1)
  4 wyverns
  4 basilisks
  48 yaks
  4 vampire mosquitoes (D:10)
  2 steam dragons
  Menkaure (D:6)
  23 water moccasins
  3 orc warriors
  3 black bears
  3 ogres (D:6)
  4 centaurs
  20 wolves
  3 kobold brigands
  9 bullfrogs
  4 scorpions
  A wyvern skeleton (D:7)
  21 killer bees
  5 electric eels
  5 centaur zombies
  2 bullfrog skeletons
  4 jellies
  4 orc priests
  A gnoll shaman (D:7)
  A centaur skeleton (D:7)
  2 iguanas
  18 orc wizards
  6 hell rats (Lair:4)
  2 killer bee zombies
  A hound skeleton (D:4)
  3 howler monkey zombies (D:9)
  8 gnolls
  24 adders
  A howler monkey skeleton (D:4)
  2 adder skeletons
  2 worms
  A dart slug (D:4)
  41 orcs
  6 ball pythons
  5 bats (D:1)
  10 endoplasms
  2 giant cockroaches (D:1)
  8 goblins
  5 hobgoblins
  3 quokkas
  3 frilled lizards
  17 kobolds
  4 rats (D:1)
  A butterfly (Lair:3)
420 creatures vanquished.

Vanquished Creatures (others)
  A fire vortex (Lair:4)
  10 fungi
  30 plants
  A withered plant (D:2)
42 creatures vanquished.

Grand Total: 462 creatures vanquished

Notes
Turn   | Place    | Note
-------+----------+-------------------------------------------
     0 | D:1      | murtidash the Djinni Ice Elementalist began the quest for
                  | the Orb.
     0 | D:1      | Reached XP level 1. HP: 15/15 MP: 0/0
    75 | D:2      | Reached XP level 2. HP: 12/21 MP: 0/0
   261 | D:2      | Found a blossoming altar of Fedhas.
   591 | D:2      | Reached XP level 3. HP: 15/25 MP: 0/0
   591 | D:2      | Learned a level 1 spell: Shock
   596 | D:2      | Reached skill level 4 in Spellcasting
  1210 | D:2      | Found a faded altar of an unknown god.
  1681 | D:1      | Reached XP level 4. HP: 29/31 MP: 0/0
  2966 | D:3      | Reached XP level 5. HP: 31/35 MP: 0/0
  2966 | D:3      | Learned a level 2 spell: Ensorcelled Hibernation
  3410 | D:3      | Reached skill level 5 in Spellcasting
  3611 | D:4      | Noticed a black bear
  3621 | D:4      | Killed a black bear
  3622 | D:4      | Reached XP level 6. HP: 19/40 MP: 0/0
  4257 | D:4      | Noticed a black bear
  4264 | D:4      | Killed a black bear
  4265 | D:4      | Reached skill level 6 in Spellcasting
  4265 | D:4      | Reached XP level 7. HP: 31/45 MP: 0/0
  4265 | D:4      | Learned a level 3 spell: Portal Projectile
  4603 | D:5      | Entered Level 5 of the Dungeon
  4793 | D:5      | Found a stormy altar of Qazlal.
  4795 | D:5      | Found Guecsafetu's One-of-a-Kind Rings.
  5737 | D:6      | Identified the amulet of the Raven {Faith Will+ Regen+
                  | Int-4 Stlth+}
  5865 | D:6      | Reached skill level 7 in Spellcasting
  5899 | D:6      | Reached XP level 8. HP: 50/50 MP: 0/0
  6026 | D:6      | Reached skill level 8 in Spellcasting
  6103 | D:6      | Found a shadowy altar of Dithmenos.
  6126 | D:6      | Reached XP level 9. HP: 52/55 MP: 0/0
  6126 | D:6      | Learned a level 4 spell: Animate Dead
  6143 | D:6      | Noticed Menkaure
  6152 | D:6      | Reached skill level 9 in Spellcasting
  6155 | D:6      | Killed Menkaure
  6223 | D:6      | Found a glowing golden altar of the Shining One.
  6402 | D:7      | Found a white marble altar of Elyvilon.
  6537 | D:7      | Reached skill level 10 in Spellcasting
  7073 | D:7      | Found a staircase to the Ecumenical Temple.
  7078 | Temple   | Entered the Ecumenical Temple
  7189 | Temple   | Became a worshipper of Makhleb the Destroyer
  7305 | D:7      | Reached XP level 10. HP: 47/60 MP: 0/0
  7550 | D:8      | Reached skill level 11 in Spellcasting
  7559 | D:8      | Reached * piety under Makhleb
  8321 | D:9      | Reached ** piety under Makhleb
  8407 | D:9      | Reached skill level 12 in Spellcasting
  8965 | D:10     | Entered Level 10 of the Dungeon
  8968 | D:10     | Reached XP level 11. HP: 65/65 MP: 0/0
  8968 | D:10     | Learned a level 4 spell: Petrify
  8993 | D:10     | Noticed Erica
  9016 | D:10     | Killed Erica
  9144 | D:10     | Reached skill level 13 in Spellcasting
  9269 | D:10     | Noticed Erolcha
  9278 | D:10     | Killed Erolcha
  9278 | D:10     | Reached *** piety under Makhleb
  9341 | D:10     | Noticed Sonja
  9358 | D:10     | Killed Sonja
  9488 | D:10     | Found a staircase to the Orcish Mines.
  9623 | D:11     | Noticed a death yak
  9623 | D:11     | Noticed a death yak
  9624 | D:11     | Noticed a death yak
  9625 | D:11     | Noticed a death yak
  9730 | D:11     | Reached skill level 14 in Spellcasting
  9854 | D:11     | Found a staircase to the Lair.
  9887 | D:11     | Noticed a death yak
  9900 | D:11     | Killed a death yak
  9901 | D:11     | Reached skill level 1 in Fighting
  9901 | D:11     | Reached skill level 3 in Dodging
  9916 | D:11     | Noticed a death yak
  9931 | D:11     | Killed a death yak
  9932 | D:11     | Reached skill level 2 in Fighting
  9932 | D:11     | Reached XP level 12. HP: 72/75 MP: 0/0
  9932 | D:11     | Noticed a death yak
  9932 | D:11     | Noticed a death yak
  9936 | D:11     | Noticed a death yak
  9941 | D:11     | Noticed a death yak
  9942 | D:11     | Killed a death yak
  9943 | D:11     | Reached skill level 4 in Dodging
  9943 | D:11     | Killed a death yak
  9944 | D:11     | Reached skill level 3 in Fighting
  9944 | D:11     | Killed a death yak
  9945 | D:11     | Killed a death yak
  9946 | D:11     | Reached skill level 4 in Fighting
  9946 | D:11     | Reached skill level 5 in Dodging
  9951 | D:11     | Killed a death yak
  9956 | D:11     | Killed a death yak
  9963 | D:11     | Killed a death yak
  9964 | D:11     | Reached skill level 5 in Fighting
  9964 | D:11     | Reached skill level 6 in Dodging
  9969 | D:11     | Killed a death yak
  9969 | D:11     | Reached **** piety under Makhleb
 10025 | D:11     | Found a sacrificial altar of Ru.
 10218 | D:11     | Reached skill level 7 in Dodging
 10220 | D:11     | Reached skill level 6 in Fighting
 10490 | Lair:1   | Entered Level 1 of the Lair of Beasts
 10679 | Lair:1   | Identified the +2 helmet of a bailey {Str+2 Slay+3 SInv}
 10886 | Lair:1   | Reached XP level 13. HP: 53/88 MP: 0/0
 10886 | Lair:1   | Learned a level 5 spell: Manifold Assault
 11035 | Lair:1   | Noticed a four-headed hydra
 11053 | Lair:1   | Killed a one-headed hydra
 11054 | Lair:1   | Reached skill level 7 in Fighting
 11054 | Lair:1   | Reached skill level 8 in Dodging
 11502 | Lair:1   | Reached skill level 1 in Armour
 11502 | Lair:1   | Reached skill level 1 in Evocations
 11555 | Lair:2   | Noticed a seven-headed hydra
 11577 | Lair:1   | HP: 7/90 [black mamba (15)]
 11680 | Lair:2   | Killed a one-headed hydra
 11699 | Lair:2   | Reached skill level 2 in Armour
 11699 | Lair:2   | Reached skill level 2 in Evocations
 11708 | Lair:2   | Reached skill level 8 in Fighting
 11945 | Lair:2   | Noticed Fannar
 12179 | Lair:2   | Noticed a six-headed hydra
 12212 | Lair:2   | Killed a one-headed hydra
 12257 | Lair:1   | Reached skill level 3 in Evocations
 12295 | Lair:2   | Reached ***** piety under Makhleb
 12296 | Lair:2   | Reached skill level 3 in Armour
 12891 | Lair:3   | Reached skill level 1 in Short Blades
 12997 | Lair:3   | Reached skill level 2 in Stealth
 13076 | Lair:3   | Reached skill level 2 in Short Blades
 13379 | Lair:3   | Reached skill level 3 in Short Blades
 13486 | Lair:3   | Reached XP level 14. HP: 88/99 MP: 0/0
 13596 | Lair:3   | Reached skill level 3 in Stealth
 13597 | Lair:3   | Reached skill level 15 in Spellcasting
 14029 | Lair:4   | Reached skill level 4 in Short Blades
 14080 | Lair:4   | Identified the +12 hunting sling "Saat" {freeze, rPois rF-
                  | Dex+9}
 14164 | Lair:4   | HP: 4/99 [rime drake/flash freeze (39)]
 14256 | Lair:4   | Found a hole to the Spider Nest.
 14717 | Lair:4   | Found a staircase to the Shoals.
 15006 | Lair:4   | Reached skill level 5 in Short Blades
 15384 | Lair:5   | Reached skill level 4 in Stealth
 15408 | Lair:5   | Found a gate leading to a gauntlet.
 15417 | Gauntlet | Entered a Gauntlet
 15417 | Gauntlet | Found a transporter.
 15417 | Gauntlet | Found a transporter.
 15423 | Gauntlet | Found a transporter.
 15436 | Gauntlet | Found a transporter.
 15455 | Gauntlet | Found a transporter.
 15455 | Gauntlet | Found a transporter.
 15457 | Gauntlet | Found a transporter.
 15457 | Gauntlet | Found a transporter.
 15458 | Gauntlet | Found a transporter.
 15459 | Gauntlet | Noticed a dire elephant
 15470 | Gauntlet | Found a transporter.
 15486 | Gauntlet | Found a transporter.
 15495 | Gauntlet | Found a runed translucent gate.
 15496 | Gauntlet | Found a transporter.
 15496 | Gauntlet | Found a runed translucent gate.
 15497 | Gauntlet | Found a runed translucent gate.
 15511 | Gauntlet | Found a transporter.
 15531 | Gauntlet | Found a transporter.
 15781 | Gauntlet | Reached ****** piety under Makhleb
 15853 | Gauntlet | Identified the +2 hat of the True Pharaoh {Drain Int+8
                  | Stlth+}
 15864 | Gauntlet | HP: 17/99 [dire elephant (18)]
 15874 | Gauntlet | Slain by a dire elephant

Illustrated notes

Levels and vault maps discovered:
D:1:      doesnt_arrival_eight_statues, layout_basic, chequers_decorated_corner
D:2:      layout_basic, shapermc_ecumenical_altar_flowoftime, basic_altar,
          minmay_pentomino_x4
D:3:      layout_rooms, minmay_fountain_box
D:4:      layout_cave_pools, grunt_ministairs_8
D:5:      layout_cave_pods, amcnicky_altar_gilded, dk_noncrumbling_2,
          nicolae_shop_unique_rings, minmay_misc_feat_columns
D:6:      layout_rooms, kennysheep_mini, mainiacjoe_overflow_small_starburst,
          kennysheep_generic_room_8, uniq_menkaure
D:7:      layout_loops_ring, nicolae_overflow_crystal_walls, temple_doors_e,
          mrwooster_statue_mirror, st_stairs_14, minmay_misc_feat_ornament,
          kennysheep_generic_room_6
D:8:      layout_gridville, eino_curves_04
D:9:      layout_small_grid, st_stairs_11, item_on_display_a
D:10:     layout_roguey, orc_0_dummy, uniq_erolcha, uniq_sonja, uniq_erica
D:11:     layout_roguey, dpeg_lair_monsters, nicolae_ru_path_of_blood
Temple:   mainiacjoe_temple_coin_purse
Lair:1:   layout_small_grid, grunt_forest_large_clearing_hut
Lair:2:   layout_roguey, infiniplex_staircase_pool, grunt_megastairs_5,
          serial_bayou_shore_b, serial_bayou_shore_a, lemuel_fruit_fields,
          uniq_fannar
Lair:3:   lemuel_reptile_caves, layout_hall_layers, lemuel_fruit_tree,
          lemuel_fruit_fields
Lair:4:   layout_gridlike, shoals_dummy_entry,
          nicolae_spider_entry_orb_guardian, lemuel_fruit_fields,
          infiniplex_staircase_pool_2
Lair:5:   layout_hall_layers, gauntlet_entry_generic
Gauntlet: gammafunk_gauntlet_mixed_choke_point
          [minmay_gauntlet_arena_77_hold_the_fort,
          minmay_gauntlet_arena_77_broken_ladder,
          minmay_gauntlet_arena_77_tiled_triplets,
          gammafunk_gauntlet_arena_split_diamond,
          minmay_gauntlet_arena_77_run_for_it,
          minmay_gauntlet_arena_77_two_paths,
          minmay_gauntlet_arena_77_radiant_squares,
          nicolae_gauntlet_exit_dead_adventurers]

Skill      XL: |  1  2  3  4  5  6  7  8  9 10 11 12 13 14 |
---------------+-------------------------------------------+-----
Spellcasting   | 4 5 6 7 8 10 12 14 15 | 15.3
Fighting       | 2 6 8 |  8.6
Dodging        | 3 7 8 |  8.0
Armour         | 3 |  3.0
Evocations     | 3 |  3.1
Short Blades   | 3 5 |  5.3
Stealth        | 2 4 |  4.1

Action                   |  1- 3 |  4- 6 |  7- 9 | 10-12 | 13-15 || total
-------------------------+-------+-------+-------+-------+-------++-------
Melee: Club              |     2 |    30 |     3 |       |       ||    35
       Rapier            |       |       |       |    26 |       ||    26
       Scimitar          |       |       |       |     8 |    62 ||    70
       Dagger            |       |       |       |       |    26 ||    26
       Punch             |       |       |       |       |     2 ||     2
       Hunting sling     |       |       |       |       |     1 ||     1
 Fire: Hunting sling     |       |       |       |       |    53 ||    53
 Cast: Freeze            |    33 |    63 |    45 |    42 |   203 ||   386
       Shock             |       |    22 |   176 |   344 |   201 ||   743
       Frozen Ramparts   |       |     6 |    15 |    40 |    38 ||    99
       Portal Projectile |       |       |     1 |       |       ||     1
       Ensorcelled Hiber |       |       |     1 |     1 |     1 ||     3
       Hailstorm         |       |       |     1 |    15 |    25 ||    41
       Animate Dead      |       |       |     1 |       |       ||     1
       Petrify           |       |       |       |    13 |    37 ||    50
       Ozocubu's Armour  |       |       |       |     2 |     1 ||     3
       Manifold Assault  |       |       |       |       |    24 ||    24
Evoke: Wand              |       |       |       |     9 |     3 ||    12
       Condenser vane    |       |       |       |       |     1 ||     1
  Use: Scroll            |       |       |       |    11 |     7 ||    18
       Potion            |       |       |       |     1 |     3 ||     4
 Stab: Sleeping          |       |     2 |       |       |     1 ||     3
       Petrified         |       |       |       |    16 |    38 ||    54
Armor: Robe              |     3 |    39 |    17 |    29 |    52 ||   140
Dodge: Dodged            |    11 |    56 |    59 |    78 |   173 ||   377

Table legend: (Time is in decaauts)
 A = Elapsed time spent in this place.
 B = Non-inter-level travel time spent in this place.
 C = Inter-level travel time spent in this place.
 D = Time resting spent in this place.
 E = Time spent auto-exploring this place.
 F = Levels seen in this place.
 G = Mean time per level.
                   A        B        C        D        E       F      G
               +--------+--------+--------+--------+--------+-----+--------+
         Total |  15923 |  15302 |    621 |    355 |  11701 |  18 |  884.6 |
       Dungeon |  10385 |  10086 |    299 |     19 |   8435 |  11 |  944.1 |
        Temple |    123 |    112 |     11 |      0 |     89 |   1 |  123.0 |
          Lair |   4957 |   4646 |    311 |    310 |   3039 |   5 |  991.4 |
      Gauntlet |    457 |    457 |      0 |     26 |    138 |   1 |  457.0 |
               +--------+--------+--------+--------+--------+-----+--------+

Top non-repeatable levels by time:
     D:2: 1777 daAuts
  Lair:4: 1503 daAuts
  Lair:1: 1375 daAuts
  Lair:2: 1044 daAuts
     D:4: 1016 daAuts
  Lair:3: 958 daAuts
     D:5: 952 daAuts
     D:1: 943 daAuts
     D:7: 916 daAuts
     D:3: 876 daAuts
    D:11: 853 daAuts
     D:6: 841 daAuts
     D:8: 801 daAuts
     D:9: 725 daAuts
    D:10: 680 daAuts

Table legend:
 A = Kills in this place as a percentage of kills in entire the game.
 B = Kills by you in this place as a percentage of kills by you in the entire game.
 C = Kills by friends in this place as a percentage of kills by friends in the entire game.
 D = Other kills in this place as a percentage of other kills in the entire game.
 E = Experience gained in this place as a percentage of experience gained in the entire game.
 F = Experience gained in this place divided by the number of levels of this place that you have seen.
                   A       B       C       D       E      F
               +-------+-------+-------+-------+-------+----------------------
         Total | 100.0 | 100.0 |   N/A |   N/A | 100.0 | 3132.2
       Dungeon |  63.0 |  63.0 |   N/A |   N/A |  44.0 | 2254.9
          Lair |  36.0 |  36.0 |   N/A |   N/A |  54.2 | 6114.2
      Gauntlet |   1.0 |   1.0 |   N/A |   N/A |   1.8 | 1005.0
               +-------+-------+-------+-------+-------+----------------------
